| TOP OF THE 1ST |
|
El Paso Sun Kings batting - Pitching for Shreveport Braves : LHP Javier Cruc
|
|
Pitching: LHP Javier Cruc
|
|
|
Batting: LHB Stanley Hendrickson
|
0-0: Ball 1-0: Called Strike 1-1: Foul Ball, location: 2F 1-2: Foul Ball, location: 2F 1-2: Fly out, F3 (Popup, 34, EV 66.9 MPH)
|
|
Batting: SHB Keith Thrower
|
0-0: Ground out 2-3 (Groundball, 2L, EV 72.5 MPH)
|
|
Batting: RHB Dionisio DeJesus
|
0-0: Ball 1-0: Reaches on Catchers interference
|
|
Batting: RHB Chuckie Canady
|
0-0: Ball 1-0: Ball 2-0: Ball 3-0: Called Strike 3-1: Called Strike 3-2: Fly out, F9 (Flyball, 89S, EV 81.9 MPH)
|
| Top of the 1st over - 0 runs, 0 hits, 1 error, 1 left on base; El Paso 0 - Shreveport 0 |
| BOTTOM OF THE 1ST |
|
Shreveport Braves batting - Pitching for El Paso Sun Kings : RHP Charlie Puleo
|
|
Pitching: RHP Charlie Puleo
|
|
|
Batting: LHB Rusty McNealy
|
0-0: Ball 1-0: Ball 2-0: Ball 3-0: Base on Balls
|
|
Batting: LHB Jim Watkins
|
0-0: Called Strike 0-1: Ball 1-1: Called Strike 1-2: Ball 2-2: Ball Rusty McNealy steals 2nd base 3-2: Ground out U3 (Groundball, 34S, EV 81.3 MPH) Rusty McNealy to third
|
|
Batting: RHB Thomas Popovich
|
0-0: Swinging Strike 0-1: Foul Ball, location: 2F 0-2: Strikes out swinging
|
|
Batting: LHB Tracy Dophied
|
0-0: Called Strike 0-1: Ball 1-1: Ball Wild Pitch! Rusty McNealy scores 2-1: Ball 3-1: Swinging Strike 3-2: Base on Balls
|
|
Batting: RHB Robert Bohnet
|
0-0: Ball 1-0: Ball 2-0: Foul Ball, location: 2F 2-1: Swinging Strike 2-2: Ball 3-2: Foul Ball, location: 2F 3-2: Strikes out swinging
|
| Bottom of the 1st over - 1 run, 0 hits, 0 errors, 1 left on base; El Paso 0 - Shreveport 1 |
| TOP OF THE 2ND |
|
El Paso Sun Kings batting - Pitching for Shreveport Braves : LHP Javier Cruc
|
|
Batting: RHB Mike Anicich
|
0-0: Ball 1-0: Ball 2-0: Ground out 3-1 (Groundball, 34, EV 80.0 MPH)
|
|
Batting: LHB Kevin Knuth
|
0-0: Ball 1-0: Ball 2-0: Ball 3-0: Called Strike 3-1: Fly out, F8 (Flyball, 8LD, EV 80.6 MPH)
|
|
Batting: RHB Michael Hanson
|
0-0: Called Strike 0-1: Called Strike 0-2: Strikes out looking
|
| Top of the 2nd over - 0 runs, 0 hits, 0 errors, 0 left on base; El Paso 0 - Shreveport 1 |
| BOTTOM OF THE 2ND |
|
Shreveport Braves batting - Pitching for El Paso Sun Kings : RHP Charlie Puleo
|
|
Batting: SHB Michael Lessard
|
0-0: Ball 1-0: Called Strike 1-1: Ball 2-1: Ball 3-1: Base on Balls
|
|
Batting: RHB Jeff Matthews
|
0-0: Called Strike 0-1: Fielders Choice at 2nd, 5-4 (Groundball, 5, EV 109.4 MPH)
|
|
Batting: RHB Daniel Supple
|
0-0: Called Strike 0-1: Grounds into double play, 4-6-3 (Groundball, 4, EV 87.5 MPH)
|
| Bottom of the 2nd over - 0 runs, 0 hits, 0 errors, 0 left on base; El Paso 0 - Shreveport 1 |
| TOP OF THE 3RD |
|
El Paso Sun Kings batting - Pitching for Shreveport Braves : LHP Javier Cruc
|
|
Batting: RHB Carlos Rios
|
0-0: Called Strike 0-1: Foul Ball, location: 2F 0-2: Ball 1-2: Foul Ball, location: 2F 1-2: Strikes out looking
|
|
Batting: RHB Christopher Hudson
|
0-0: Swinging Strike 0-1: Swinging Strike 0-2: Ball 1-2: Foul Ball, location: 2F 1-2: Strikes out swinging
|
|
Batting: LHB Stanley Hendrickson
|
0-0: Called Strike 0-1: Swinging Strike 0-2: Ball 1-2: Foul Ball, location: 2F 1-2: Ball 2-2: Ball 3-2: Foul Ball, location: 2F 3-2: Foul Ball, location: 2F 3-2: Foul Ball, location: 2F 3-2: SINGLE (Groundball, 25, EV 60.6 MPH) (infield hit)
|
|
Batting: SHB Keith Thrower
|
0-0: Foul Ball, location: 2F 0-1: Ball 1-1: Called Strike 1-2: Strikes out swinging, 2-3 out at first.
|
| Top of the 3rd over - 0 runs, 1 hit, 0 errors, 1 left on base; El Paso 0 - Shreveport 1 |
| BOTTOM OF THE 3RD |
|
Shreveport Braves batting - Pitching for El Paso Sun Kings : RHP Charlie Puleo
|
|
Batting: RHB Dave Buffamoyer
|
0-0: Foul Ball, location: 2F 0-1: Swinging Strike 0-2: Strikes out swinging
|
|
Batting: LHB Rusty McNealy
|
0-0: Ball 1-0: Foul Ball, location: 2F 1-1: Foul Ball, location: 2F 1-2: Ball 2-2: Foul Ball, location: 2F 2-2: Ground out 4-3 (Groundball, 4, EV 81.3 MPH)
|
|
Batting: LHB Jim Watkins
|
0-0: Ball 1-0: Foul Ball, location: 2F 1-1: Swinging Strike 1-2: Fly out, F9 (Flyball, 9LM, EV 86.3 MPH)
|
| Bottom of the 3rd over - 0 runs, 0 hits, 0 errors, 0 left on base; El Paso 0 - Shreveport 1 |
| TOP OF THE 4TH |
|
El Paso Sun Kings batting - Pitching for Shreveport Braves : LHP Javier Cruc
|
|
Batting: RHB Dionisio DeJesus
|
0-0: Ball 1-0: Foul Ball, location: 2F 1-1: Called Strike 1-2: Strikes out swinging
|
|
Batting: RHB Chuckie Canady
|
0-0: Called Strike 0-1: Ball 1-1: Hit by Pitch
|
|
Batting: RHB Mike Anicich
|
0-0: Ball Chuckie Canady is caught stealing 2nd base 2-4 1-0: Ball 2-0: Called Strike 2-1: Foul Ball, location: 2F 2-2: Strikes out swinging
|
| Top of the 4th over - 0 runs, 0 hits, 0 errors, 0 left on base; El Paso 0 - Shreveport 1 |
| BOTTOM OF THE 4TH |
|
Shreveport Braves batting - Pitching for El Paso Sun Kings : RHP Charlie Puleo
|
|
Batting: RHB Thomas Popovich
|
0-0: Foul Ball, location: 2F 0-1: Foul Ball, location: 2F 0-2: Ball 1-2: Strikes out swinging
|
|
Batting: LHB Tracy Dophied
|
0-0: Foul Ball, location: 2F 0-1: Ball 1-1: Fly out, F8 (Flyball, 8LS, EV 76.3 MPH)
|
|
Batting: RHB Robert Bohnet
|
0-0: Ball 1-0: Foul Ball, location: 2F 1-1: Foul Ball, location: 2F 1-2: Ball 2-2: Foul Ball, location: 2F 2-2: Ball 3-2: Foul Ball, location: 2F 3-2: Fly out, F8 (Flyball, 8LM, EV 86.9 MPH)
|
| Bottom of the 4th over - 0 runs, 0 hits, 0 errors, 0 left on base; El Paso 0 - Shreveport 1 |
| TOP OF THE 5TH |
|
El Paso Sun Kings batting - Pitching for Shreveport Braves : LHP Javier Cruc
|
|
Batting: LHB Kevin Knuth
|
0-0: Ball 1-0: Ball 2-0: TRIPLE (Groundball, 3L, EV 96.3 MPH)
|
|
Batting: RHB Michael Hanson
|
0-0: Ball 1-0: Foul Ball, location: 2F 1-1: Ball 2-1: Ground out 4-3 (Groundball, 4, EV 96.9 MPH)
|
|
Batting: RHB Carlos Rios
|
0-0: Called Strike 0-1: Fly out, F7 (Flyball, 7LS, EV 81.3 MPH)
|
|
Batting: RHB Christopher Hudson
|
0-0: Called Strike 0-1: Foul Ball, location: 2F 0-2: Ball 1-2: Ball 2-2: Foul Ball, location: 2F 2-2: Ball 3-2: Strikes out looking
|
| Top of the 5th over - 0 runs, 1 hit, 0 errors, 1 left on base; El Paso 0 - Shreveport 1 |
| BOTTOM OF THE 5TH |
|
Shreveport Braves batting - Pitching for El Paso Sun Kings : RHP Charlie Puleo
|
|
Batting: SHB Michael Lessard
|
0-0: Ball 1-0: Ball 2-0: Called Strike 2-1: Ball 3-1: Called Strike 3-2: Foul Ball, location: 2F 3-2: Base on Balls
|
|
Batting: RHB Jeff Matthews
|
0-0: Ball 1-0: Called Strike 1-1: Ball 2-1: Bunt missed! 2-2: Ball 3-2: Fly out, F3 (Popup, 3S, EV 35.0 MPH)
|
|
Batting: RHB Daniel Supple
|
0-0: Ball 1-0: Ball 2-0: Called Strike 2-1: Foul Ball, location: 2F 2-2: Foul Ball, location: 2F 2-2: Ball 3-2: Foul Ball, location: 2F 3-2: Strikes out looking
|
|
Batting: RHB Dave Buffamoyer
|
0-0: Ball 1-0: Called Strike 1-1: Foul Ball, location: 2F 1-2: Ball 2-2: Ball 3-2: Fly out, F8 (Line Drive, 8LM, EV 91.9 MPH)
|
| Bottom of the 5th over - 0 runs, 0 hits, 0 errors, 1 left on base; El Paso 0 - Shreveport 1 |
| TOP OF THE 6TH |
|
El Paso Sun Kings batting - Pitching for Shreveport Braves : LHP Javier Cruc
|
|
Batting: LHB Stanley Hendrickson
|
0-0: Ball 1-0: Fly out, F7 (Flyball, 7S, EV 82.5 MPH)
|
|
Batting: SHB Keith Thrower
|
0-0: Called Strike 0-1: Ground out 1-3 (Groundball, 34S, EV 65.6 MPH)
|
|
Batting: RHB Dionisio DeJesus
|
0-0: SINGLE (Line Drive, 34D, EV 97.5 MPH)
|
|
Batting: RHB Chuckie Canady
|
0-0: Ball 1-0: Ball Dionisio DeJesus steals 2nd base 2-0: 2-RUN HOME RUN (Line Drive, 78XD, EV 103.1 MPH), Distance : 414 ft
|
|
Batting: RHB Mike Anicich
|
0-0: Called Strike 0-1: Swinging Strike 0-2: Ball 1-2: Ball 2-2: Ball 3-2: Base on Balls
|
|
Batting: LHB Kevin Knuth
|
0-0: Ball 1-0: Ball 2-0: Called Strike 2-1: Ground out 5-3 (Groundball, 56S, EV 80.6 MPH)
|
| Top of the 6th over - 2 runs, 2 hits, 0 errors, 1 left on base; El Paso 2 - Shreveport 1 |
| BOTTOM OF THE 6TH |
|
Shreveport Braves batting - Pitching for El Paso Sun Kings : RHP Charlie Puleo
|
|
Batting: LHB Rusty McNealy
|
0-0: Ball 1-0: Called Strike 1-1: Ball 2-1: Foul Ball, location: 2F 2-2: Ball 3-2: SINGLE (Line Drive, 7S, EV 96.9 MPH)
|
|
Batting: LHB Jim Watkins
|
0-0: Ball 1-0: Fly out, F8 (Flyball, 89M, EV 88.8 MPH)
|
|
Batting: RHB Thomas Popovich
|
0-0: Called Strike Rusty McNealy steals 2nd base 0-1: Fly out, F3 (Popup, 3SF, EV 77.5 MPH)
|
|
Batting: LHB Tracy Dophied
|
0-0: Foul Ball, location: 2F 0-1: Ball 1-1: Swinging Strike 1-2: Ball 2-2: Ball 3-2: Fly out, F8 (Flyball, 8LXD, EV 105.0 MPH)
|
| Bottom of the 6th over - 0 runs, 1 hit, 0 errors, 1 left on base; El Paso 2 - Shreveport 1 |
| TOP OF THE 7TH |
|
El Paso Sun Kings batting - Pitching for Shreveport Braves : LHP Javier Cruc
|
|
Batting: RHB Michael Hanson
|
0-0: Ball 1-0: TRIPLE (Line Drive, 78XD, EV 98.1 MPH)
|
|
Batting: RHB Carlos Rios
|
0-0: Ball 1-0: Ground out 5-3 (Groundball, 56S, EV 68.1 MPH)
|
|
Batting: RHB Christopher Hudson
|
0-0: Intentional Walk
|
|
Batting: LHB Stanley Hendrickson
|
0-0: Ball 1-0: Ball 2-0: Ball 3-0: Called Strike 3-1: Called Strike 3-2: Foul Ball, location: 2F 3-2: Strikes out swinging
|
|
Batting: SHB Keith Thrower
|
0-0: Ball 1-0: Foul Ball, location: 2F 1-1: SINGLE (Line Drive, 8RS, EV 109.4 MPH) Michael Hanson scores Christopher Hudson to second
|
|
Batting: RHB Dionisio DeJesus
|
0-0: Ball 1-0: SINGLE (Groundball, 34D, EV 104.4 MPH) Christopher Hudson to third Keith Thrower to second Runner from 3rd tries for Home, SAFE, throw by RF to home
|
|
Batting: RHB Chuckie Canady
|
0-0: Ball 1-0: Foul Ball, location: 2F 1-1: Ball 2-1: Fly out, F7 (Flyball, 7D, EV 105.0 MPH)
|
| Top of the 7th over - 2 runs, 3 hits, 0 errors, 2 left on base; El Paso 4 - Shreveport 1 |
| BOTTOM OF THE 7TH |
|
Shreveport Braves batting - Pitching for El Paso Sun Kings : RHP Charlie Puleo
|
|
Batting: RHB Robert Bohnet
|
0-0: Ball 1-0: Called Strike 1-1: Ball 2-1: Reached on error, E5 (Groundball, 56, EV 82.5 MPH)
|
|
Batting: SHB Michael Lessard
|
0-0: Ground out 5-3 (Groundball, 56S, EV 66.9 MPH) Robert Bohnet to third
|
|
Batting: RHB Jeff Matthews
|
0-0: Called Strike 0-1: Ball 1-1: Foul Ball, location: 2F 1-2: Ground out U3 (Groundball, 3, EV 101.9 MPH)
|
|
Batting: RHB Daniel Supple
|
0-0: Ground out 5-3 (Groundball, 5, EV 97.5 MPH)
|
| Bottom of the 7th over - 0 runs, 0 hits, 1 error, 1 left on base; El Paso 4 - Shreveport 1 |
| TOP OF THE 8TH |
|
El Paso Sun Kings batting - Pitching for Shreveport Braves : LHP Javier Cruc
|
|
Batting: RHB Mike Anicich
|
0-0: Fly out, F7 (Flyball, 7D, EV 104.4 MPH)
|
|
Batting: LHB Kevin Knuth
|
0-0: Ball 1-0: Called Strike 1-1: Fly out, F9 (Flyball, 9LM, EV 92.5 MPH)
|
|
Batting: RHB Michael Hanson
|
0-0: Called Strike 0-1: Foul Ball, location: 2F 0-2: SINGLE (Line Drive, 78S, EV 106.9 MPH)
|
|
Batting: RHB Carlos Rios
|
0-0: Called Strike 0-1: Foul Ball, location: 2F 0-2: Ground out 5-3 (Groundball, 25, EV 78.8 MPH)
|
| Top of the 8th over - 0 runs, 1 hit, 0 errors, 1 left on base; El Paso 4 - Shreveport 1 |
| BOTTOM OF THE 8TH |
|
Shreveport Braves batting - Pitching for El Paso Sun Kings : RHP Charlie Puleo
|
|
Batting: RHB Dave Buffamoyer
|
0-0: Reached on error, E6 (Groundball, 6, EV 103.1 MPH)
|
|
Batting: LHB Rusty McNealy
|
0-0: Ball 1-0: Fly out, F9 (Flyball, 9, EV 86.3 MPH)
|
|
Batting: LHB Jim Watkins
|
0-0: Ball 1-0: Fly out, F8 (Line Drive, 8LM, EV 86.3 MPH)
|
|
Batting: RHB Thomas Popovich
|
0-0: Ball 1-0: Ball 2-0: Called Strike 2-1: Ball 3-1: Ground out 4-3 (Groundball, 4, EV 86.9 MPH)
|
| Bottom of the 8th over - 0 runs, 0 hits, 1 error, 1 left on base; El Paso 4 - Shreveport 1 |
| TOP OF THE 9TH |
|
El Paso Sun Kings batting - Pitching for Shreveport Braves : LHP Javier Cruc
|
|
Batting: RHB Christopher Hudson
|
0-0: Foul Ball, location: 2F 0-1: Ball 1-1: Fly out, F8 (Flyball, 8RM, EV 94.4 MPH)
|
|
Pitching: LHP Stan Hawkins
|
|
|
Batting: LHB Stanley Hendrickson
|
0-0: Called Strike 0-1: Called Strike 0-2: Foul Ball, location: 2F 0-2: Strikes out swinging
|
|
Batting: SHB Keith Thrower
|
0-0: Foul Ball, location: 2F 0-1: Ball 1-1: Ground out 5-3 (Groundball, 56, EV 84.4 MPH)
|
| Top of the 9th over - 0 runs, 0 hits, 0 errors, 0 left on base; El Paso 4 - Shreveport 1 |
| BOTTOM OF THE 9TH |
|
Shreveport Braves batting - Pitching for El Paso Sun Kings : RHP Charlie Puleo
|
|
Pitching: LHP Michael Shoaf
|
|
|
Batting: LHB Tracy Dophied
|
0-0: Ball 1-0: Foul Ball, location: 2F 1-1: Foul Ball, location: 2F 1-2: Ball 2-2: Ball 3-2: Ground out U3 (Groundball, 3, EV 103.8 MPH)
|
|
Batting: RHB Robert Bohnet
|
0-0: Ball 1-0: Called Strike 1-1: Hit by Pitch
|
|
Batting: SHB Michael Lessard
|
0-0: Called Strike 0-1: Ball 1-1: Fielders Choice at 2nd, 5-4 (Groundball, 56, EV 108.1 MPH)
|
|
Batting: RHB Jeff Matthews
|
0-0: Ball 1-0: Called Strike 1-1: Ball 2-1: Ball 3-1: Foul Ball, location: 2F 3-2: Foul Ball, location: 2F 3-2: Base on Balls Michael Lessard to second
|
|
Batting: RHB Daniel Supple
|
0-0: Called Strike 0-1: Ball 1-1: Swinging Strike 1-2: Strikes out swinging
|
| Bottom of the 9th over - 0 runs, 0 hits, 0 errors, 2 left on base; El Paso 4 - Shreveport 1 |
|